 Dungeon Crawl Stone Soup version 0.22.1-1-ga44c0e56f4 (webtiles) character file.

470 Jerry the Slasher (level 6, 52/52 HPs)
             Began as a Demigod Fighter on Oct 20, 2018.
             Quit the game on level 4 of the Dungeon.
             The game lasted 00:08:10 (4113 turns).

Jerry the Slasher (Demigod Fighter)                 Turns: 4113, Time: 00:08:11

Health: 52/52      AC:  6    Str: 23    XL:     6   Next: 52%
Magic:  8/8        EV: 11    Int: 12    God:
Gold:   350        SH:  0    Dex: 17    Spells: 5/5 levels left

rFire    . . .     SeeInvis .   a - +0 long sword
rCold    . . .     Gourm    .   (no shield)
rNeg     . . .     Faith    .   b - +0 scale mail
rPois    .         Spirit   .   o - +0 helmet
rElec    .         Reflect  .   g - +0 cloak
rCorr    .         Harm     .   (no gloves)
MR       .....                  (no boots)
Stlth    ++........             (no amulet)
HPRegen  0.17/turn              (no ring)
MPRegen  0.11/turn              (no ring)

@: no status effects
A: thin skeletal structure 1, deformed body, high mp 1
a: no special abilities


You were on level 4 of the Dungeon.
You were not hungry.

You visited 1 branch of the dungeon, and saw 4 of its levels.

You collected 350 gold pieces.

Inventory:

Hand Weapons
 a - a +0 long sword (weapon)
Missiles
 l - 25 poisoned needles
Armour
 b - a +0 scale mail (worn)
 c - a +0 shield
 g - a +0 cloak (worn)
 o - a +0 helmet (worn)
Wands
 j - a wand of acid (11)
 m - a wand of digging (15)
 r - a wand of random effects (25)
 s - a wand of disintegration (8)
Scrolls
 e - 2 scrolls of remove curse
 h - 2 scrolls of identify
 p - a scroll of blinking {unknown}
 t - a scroll of amnesia {unknown}
 w - a scroll of teleportation {unknown}
 x - a scroll of noise {unknown}
Potions
 d - 4 potions of might
 i - 2 potions of curing
 k - a potion of magic {unknown}
 n - 2 potions of agility {unknown}
 q - a potion of flight {unknown}
 u - a potion of heal wounds {unknown}
 v - 2 potions of ambrosia {unknown}
Comestibles
 f - 7 rations


   Skills:
 + Level 3.7 Fighting
 * Level 4.1 Long Blades
 + Level 3.7 Armour
 + Level 2.2 Dodging
 + Level 2.6 Stealth
 - Level 2.9 Shields


You had 5 spell levels left.
You didn't know any spells.
Your spell library was empty.

Dungeon Overview and Level Annotations

Branches:
Dungeon (4/15)
 Temple: D:4-7


Innate Abilities, Weirdness & Mutations

You have an increased reservoir of magic. (+10% MP)
You have a somewhat thin skeletal structure. (Dex +2, Stealth)
Armour fits poorly on your strangely shaped body.


Message History

No target in view!
No target in view!
Items here: ))) [[ †
Things that are here:
a flail; an orc corpse Key pressed, stopping explore.
There is an open door here.
You open the door.
There is an open door here.
You see here 28 sling bullets.
You open the door.
There is an open door here.
There is an open door here.
Done exploring.
Done exploring.
Done exploring.
Done exploring.
Done exploring.
Search for what [Enter for "."]?
Are you sure you want to abandon this character and quit the game? (Confirm

#.# #.##.# #.#
#.####.##.########.#
#.........#.........
##...........###....
#.###.##...#.###...
#.# #.##...#.# ##.#
#.# #......#.# ###
#.#######...##
#.@.......###
###########


There were no monsters in sight!

Vanquished Creatures
  A water moccasin (D:4)
  A phantom (D:4)
  A hound (D:4)
  An orc wizard (D:4)
  An orc priest (D:4)
  Jessica (D:2)
  Robin (D:2)
  3 gnolls (D:4)
  3 adders (D:4)
  A shadow imp (D:3)
  A worm (D:4)
  3 dart slugs
  4 leopard geckos
  8 orcs
  A giant cockroach (D:4)
  11 goblins
  7 hobgoblins
  3 jackals (D:3)
  5 kobolds
  A quokka (D:2)
  6 bats
  7 frilled lizards
  A rat (D:1)
72 creatures vanquished.

Vanquished Creatures (others)
  4 toadstools (D:1)
4 creatures vanquished.

Grand Total: 76 creatures vanquished

Notes
Turn   | Place    | Note
-------+----------+-------------------------------------------
     0 | D:1      | Jerry the Demigod Fighter began the quest for the Orb.
     0 | D:1      | Reached XP level 1. HP: 18/18 MP: 3/3
   111 | D:1      | Reached skill level 2 in Long Blades
   171 | D:1      | Reached XP level 2. HP: 20/25 MP: 4/4
   844 | D:2      | Noticed Jessica
   846 | D:2      | Found an ornate altar of the Wu Jian Council.
   851 | D:2      | Killed Jessica
   851 | D:2      | Reached skill level 1 in Stealth
   851 | D:2      | Reached XP level 3. HP: 21/30 MP: 5/5
  1070 | D:2      | Found a bloodstained altar of Trog.
  1073 | D:2      | Found a glowing silver altar of Zin.
  1073 | D:2      | Found a white marble altar of Elyvilon.
  1082 | D:2      | Found an iron altar of Okawaru.
  1537 | D:3      | Noticed Robin
  1684 | D:2      | Reached skill level 1 in Dodging
  1684 | D:2      | Reached XP level 4. HP: 36/38 MP: 6/6
  1693 | D:2      | Killed Robin
  2011 | D:3      | Found an iron altar of Okawaru.
  2254 | D:4      | Reached skill level 3 in Long Blades
  2262 | D:4      | Reached XP level 5. HP: 12/45 MP: 7/7
  3373 | D:4      | Noticed a phantom
  3414 | D:4      | Killed a phantom
  3414 | D:4      | Reached XP level 6. HP: 32/51 MP: 8/8
  3597 | D:4      | Noticed a water moccasin
  3605 | D:4      | Killed a water moccasin
  3605 | D:4      | Reached skill level 4 in Long Blades
  3822 | D:4      | Gained mutation: You have large cloven feet. [potion of
                  | mutation]
  3822 | D:4      | Gained mutation: You passively map a small area around you.
                  | [potion of mutation]
  3823 | D:4      | Lost mutation: You have large cloven feet. [potion of
                  | mutation]
  3823 | D:4      | Lost mutation: You passively map a small area around you.
                  | [potion of mutation]
  3823 | D:4      | Gained mutation: Armour fits poorly on your strangely
                  | shaped body. [potion of mutation]
  3823 | D:4      | Gained mutation: You have a somewhat thin skeletal
                  | structure. (Dex +2, Stealth) [potion of mutation]
  3879 | D:4      | Found a hide-covered altar of Uskayaw.
  4113 | D:4      | Quit the game

Skill      XL: |  1  2  3  4  5  6 |
---------------+-------------------+-----
Long Blades    | 2 3 4 |  4.1
Stealth        | 1 2 |  2.6
Fighting       | 3 |  3.7
Armour         | 3 |  3.7
Dodging        | 1 2 |  2.2
Shields        | |  2.9

Action                   |  1- 3 |  4- 6 || total
-------------------------+-------+-------++-------
Melee: Long sword        |   119 |   157 ||   276
  Use: Potion            |       |     3 ||     3
       Scroll            |       |     2 ||     2
  Eat: Chunk             |     3 |     5 ||     8
       Ration            |       |     1 ||     1
Armor: Scale mail        |    73 |    68 ||   141
Dodge: Dodged            |    63 |   104 ||   167
Block: Shield            |    49 |       ||    49
       Rpst.: Long sword |    23 |    39 ||    62
